 Dungeon Crawl Stone Soup version 0.25-a0-479-g8579842fd4 (webtiles) character file.

Game seed: 14482811701242323808, levelgen mode: deterministic

2100 Error4North the Cleaver (level 9, -2/74 HPs)
             Began as a Hill Orc Fighter on Feb 10, 2020.
             Was a Believer of Okawaru.
             Shot with an arrow by a centaur (7 damage)
             ... on level 7 of the Dungeon.
             The game lasted 00:19:43 (5636 turns).

Error4North the Cleaver (Hill Orc Fighter)          Turns: 5636, Time: 00:19:43

Health: -2/74      AC: 10    Str: 27    XL:     9   Next: 28%
Magic:  12/12      EV:  9    Int:  8    God:    Okawaru [**....]
Gold:   306        SH: 14    Dex: 10    Spells: 12/12 levels left

rFire    . . .     SeeInvis .   a - +0 war axe
rCold    . . .     Gourm    .   c - +0 shield
rNeg     . . .     Faith    .   b - +0 scale mail
rPois    .         Spirit   .   (no helmet)
rElec    .         Reflect  +   (no cloak)
rCorr    .         Harm     .   j - +0 pair of gloves (curse)
MR       .....                  D - +0 pair of boots
Stlth    +.........             o - +3 amulet of reflection
HPRegen  0.22/turn              v - ring of stealth
MPRegen  0.13/turn              r - ring of flight

@: mighty
A: no striking features
a: Heroism, Renounce Religion, Evoke Flight


You were on level 7 of the Dungeon.
You worshipped Okawaru.
Okawaru was pleased with you.
You were not hungry.

You visited 2 branches of the dungeon, and saw 8 of its levels.

You collected 306 gold pieces.

Inventory:

Hand Weapons
 a - a +0 war axe (weapon)
 B - a +2 antimagic mace
Missiles
 n - 5 boomerangs (quivered)
Armour
 b - a +0 scale mail (worn)
 c - a +0 shield (worn)
 j - a cursed +0 pair of gloves (worn)
 D - a +0 pair of boots (worn)
Jewellery
 d - an uncursed ring of fire {unknown}
 o - a +3 amulet of reflection (around neck)
 r - a ring of flight (right hand)
 v - a ring of stealth (left hand)
Wands
 q - a wand of flame (17)
 y - a wand of paralysis (4)
 A - a wand of random effects (12)
Scrolls
 g - 3 scrolls of enchant armour {unknown}
 l - 2 scrolls of blinking {unknown}
 m - 2 scrolls of remove curse {unknown}
 p - 2 scrolls of magic mapping {unknown}
 s - 2 scrolls of immolation {unknown}
 t - 3 scrolls of identify
 u - 4 scrolls of teleportation {unknown}
Potions
 e - 3 potions of curing
 h - a potion of lignification {unknown}
 i - 5 potions of flight {unknown}
 k - a potion of berserk rage
 w - a potion of resistance
 z - a potion of agility {unknown}
Comestibles
 f - 9 rations


   Skills:
 + Level 5.5 Fighting
 + Level 8.1 Axes
 * Level 6.4 Armour
 + Level 1.3 Dodging
 + Level 0.3 Stealth
 * Level 7.2 Shields
 * Level 2.3 Spellcasting
 * Level 4.0 Invocations
 * Level 2.5 Evocations


You had 12 spell levels left.
You didn't know any spells.
Your spell library contained the following spells:

 Spells                   Type           Power        Failure   Level  Hunger
 Confusing Touch          Hex            #.......     99%         3    ####...
 Gell's Gravitas          Tloc           #.........   99%         3    ####...
 Petrify                  Tmut/Erth      #.......     100%        4    #####..
 Metabolic Englaciation   Hex/Ice        #.........   100%        5    ######.
 Yara's Violent Unravell  Hex/Tmut       #.........   100%        5    ######.


Dungeon Overview and Level Annotations

Branches:
Dungeon (7/15)             Temple (1/1) D:4

Altars:
Cheibriados
Dithmenos
Elyvilon
Fedhas
Hepliaklqana
Makhleb
Nemelex Xobeh
Okawaru
Qazlal
Ru
Sif Muna
Uskayaw
Vehumet
Wu Jian
Xom
Yredelemnul
The Shining One

Shops:
D:5 =

Annotations:
D:7 1 runed translucent door


Message History

You see here an ivory ring.
d - an ivory ring An orc and a phantom come into view.
Found a potion of resistance.
The orc hits you with a +0 hand axe.
* * * LOW HITPOINT WARNING * * *
Something unseen opens the door.
A centaur comes into view.
The orc hits you but does no damage.
The centaur shouts!
The centaur wields a +0 shortbow.
The centaur shoots an arrow.
You reflect the arrow off an invisible shield around you!
The arrow hits the centaur!
The purple ugly thing tentacle-slaps you but does no damage.
The centaur unwields a +0 shortbow.
You block the centaur's attack. The centaur barely misses you.
The centaur hits you.
* * * LOW HITPOINT WARNING * * *
The centaur wields a +0 shortbow.
The centaur shoots an arrow.
The arrow hits you!
You die...

######## #......#
#.@### #.#.u###
#..#.c.u###
#..#####o.###
#..#!.....W.###
#..#########..###
#.. .W.....##..##
... ###..##
+#..### ...#
###..#


You could see 2 ugly things, a phantom, a centaur and an orc.

Vanquished Creatures
  A troll (D:7)
  Sigmund (D:3)
  An orc warrior (D:6)
  3 ice beasts
  2 phantoms
  4 bullfrogs (D:6)
  A water moccasin skeleton (D:4)
  3 crimson imps
  3 orc priests
  4 hounds
  7 orc wizards
  A centaur skeleton (D:5)
  Jessica (D:3)
  2 worker ants (D:5)
  A killer bee zombie (D:5)
  A howler monkey skeleton (D:4)
  9 adders
  A shadow imp (D:7)
  2 oozes (D:3)
  3 worms
  A dart slug (D:3)
  3 leopard geckos
  24 orcs
  A ball python (D:1)
  12 giant cockroaches
  10 goblins
  5 hobgoblins
  6 jackals
  4 quokkas
  7 bats
  4 frilled lizards
  5 kobolds
  A quokka zombie (D:6)
  7 rats
141 creatures vanquished.

Notes
Turn   | Place    | Note
-------+----------+-------------------------------------------
     0 | D:1      | Error4North the Hill Orc Fighter began the quest for the
                  | Orb.
     0 | D:1      | Reached XP level 1. HP: 19/19 MP: 1/1
    60 | D:1      | Reached XP level 2. HP: 27/27 MP: 2/2
   293 | D:1      | Reached skill level 3 in Axes
   355 | D:1      | Reached XP level 3. HP: 33/33 MP: 3/3
   909 | D:1      | Reached XP level 4. HP: 18/40 MP: 4/4
  1540 | D:2      | Found a basalt altar of Yredelemnul.
  1546 | D:2      | Noticed a profane servitor
  1558 | D:2      | Found a glowing golden altar of the Shining One.
  1560 | D:2      | Noticed an angel
  1803 | D:3      | Noticed Sigmund
  1815 | D:3      | Killed Sigmund
  1815 | D:3      | Reached skill level 5 in Axes
  1815 | D:3      | Reached XP level 5. HP: 40/47 MP: 5/5
  1815 | D:3      | Reached XP level 6. HP: 46/53 MP: 6/6
  2057 | D:3      | Noticed Jessica
  2060 | D:3      | Killed Jessica
  2583 | D:4      | Found a staircase to the Ecumenical Temple.
  2592 | Temple   | Entered the Ecumenical Temple
  2618 | Temple   | Became a worshipper of Warmaster Okawaru
  2771 | D:4      | Reached skill level 5 in Shields
  2775 | D:4      | Noticed a phantom
  2780 | D:4      | Reached skill level 6 in Axes
  2780 | D:4      | Reached XP level 7. HP: 53/60 MP: 7/7
  2806 | D:4      | Reached skill level 5 in Armour
  2823 | D:4      | Found a stormy altar of Qazlal.
  2832 | D:4      | Reached skill level 1 in Invocations
  2986 | D:4      | Found a blossoming altar of Fedhas.
  3067 | D:4      | Reached skill level 1 in Dodging
  3215 | D:4      | Found a shimmering blue altar of Sif Muna.
  3506 | D:5      | Entered Level 5 of the Dungeon
  3512 | D:5      | Reached * piety under Okawaru
  3512 | D:5      | Reached skill level 1 in Spellcasting
  3546 | D:5      | Found a sacrificial altar of Ru.
  3738 | D:5      | Reached XP level 8. HP: 65/67 MP: 8/10
  3837 | D:5      | Found Culoimuggi's Jewellery Emporium.
  4220 | D:6      | Reached skill level 7 in Axes
  4498 | D:6      | Reached skill level 1 in Evocations
  4498 | D:6      | HP: 4/100 [orc/+0 flail (6)]
  4918 | D:6      | Reached ** piety under Okawaru
  4918 | D:6      | Reached skill level 5 in Fighting
  5329 | D:6      | Found a burning altar of Makhleb.
  5505 | D:6      | Reached XP level 9. HP: 74/74 MP: 12/12
  5557 | D:7      | Noticed a brown ugly thing
  5557 | D:7      | Noticed a komodo dragon
  5562 | D:7      | Found a runed translucent door.
  5589 | D:7      | Noticed a troll
  5604 | D:7      | Noticed a red ugly thing
  5606 | D:7      | Killed a troll
  5606 | D:7      | Reached skill level 8 in Axes
  5606 | D:7      | Noticed a purple ugly thing
  5636 | D:7      | Shot with an arrow by a centaur

Levels and vault maps discovered:
D:1:      onia_arrival_mini_spirals, layout_loops_ring, grunt_decor_fettered,
          roderic_roman_lattice, chequers_mini_garden, fountainhead
D:2:      layout_basic, grunt_temple_overflow_holy_war
D:3:      minmay_diamond_boxcup, layout_rooms, uniq_jessica, uniq_sigmund
D:4:      layout_cave_pods, grunt_temple_overflow_forces_of_nature,
          lemuel_doored_altar, minmay_temple_entry_stoned_glass
D:5:      layout_rooms, serial_shops, shop_fountains, first_ration,
          roderic_lattice_a, nicolae_ru_awakened_eye
D:6:      layout_basic, bloody_makhleb
D:7:      minmay_the_grid_triangle_9x9_recursive_2
          [minmay_the_grid_triangle_9x9_prize_schism,
          minmay_the_grid_triangle_9x9_subtriangle,
          minmay_the_grid_triangle_9x9_wacky_v,
          minmay_the_grid_triangle_9x9_sparse_checkered], layout_gridville,
          hangedman_decor_riveting
Temple:   jpeg_temple_clearing

Skill      XL: |  1  2  3  4  5  6  7  8  9 |
---------------+----------------------------+-----
Fighting       | 4 5 |  5.5
Axes           | 3 5 6 7 8 |  8.1
Armour         | 4 5 6 |  6.4
Shields        | 4 5 6 7 |  7.2
Invocations    | 2 3 4 |  4.0
Dodging        | 1 |  1.3
Spellcasting   | 1 2 |  2.3
Evocations     | 2 |  2.5
Stealth        | |  0.3

Action                   |  1- 3 |  4- 6 |  7- 9 || total
-------------------------+-------+-------+-------++-------
Melee: War axe           |   111 |   147 |   266 ||   524
Invok: Heroism           |       |       |     2 ||     2
Evoke: Wand              |       |       |     1 ||     1
  Use: Potion            |       |     1 |     4 ||     5
       Scroll            |       |       |     3 ||     3
  Eat: Chunk             |       |     6 |     3 ||     9
       Ration            |       |       |     2 ||     2
Armor: Scale mail        |    74 |    55 |    73 ||   202
Dodge: Dodged            |    40 |    39 |    55 ||   134
Block: Shield            |    76 |    81 |   200 ||   357
       Reflection        |       |       |     2 ||     2

Table legend:
 A = Non-vault XP
 B = Vault XP
 C = Vault XP percentage of total XP
 D = Non-vault monster count
 E = Vault monster count
 F = Vault count percentage of total count
                 A         B        C        D         E       F
            +---------+---------+-------+---------+---------+-------
      Total |    2163 |     837 |  27.9 |     127 |      14 |   9.9
            +---------+---------+-------+---------+---------+-------
        D:1 |      43 |       0 |   0.0 |      25 |       0 |   0.0
        D:2 |      95 |       0 |   0.0 |      26 |       0 |   0.0
        D:3 |      93 |     276 |  74.8 |      17 |       7 |  29.2
        D:4 |     459 |       0 |   0.0 |      14 |       0 |   0.0
        D:5 |     442 |       0 |   0.0 |      21 |       0 |   0.0
        D:6 |    1019 |       0 |   0.0 |      23 |       0 |   0.0
        D:7 |      12 |     561 |  97.9 |       1 |       7 |  87.5
            +---------+---------+-------+---------+---------+-------
